 Dungeon Crawl Stone Soup version 0.29-a0-468-ge57f7f99b4 (webtiles) character file.

Game seed: 7107358720277084877

8911 happo123 the Nimble (level 11, -11/68 HPs)
             Began as a Djinni Earth Elementalist on May 21, 2022.
             Was a Priest of Hepliaklqana.
             Mangled by a rakshasa
             ... wielding a +0 whip
              (13 damage)
             ... on level 9 of the Dungeon.
             The game lasted 01:10:23 (6605 turns).

happo123 the Nimble (Djinni Earth Elementalist)     Turns: 6605, Time: 01:10:24

Health: -11/68     AC: 13    Str:  7    XL:     11   Next: 64%
Gold:   343        EV: 17    Int: 20    God:    Hepliaklqana [***...] SH:  0 Dex: 15

rFire   + + +      SeeInvis .   A - +2 halberd (protect)
rCold   x x .      Faith    .   (shield currently unavailable)
rNeg    . . .      Spirit   .   I - +0 steam dragon scales
rPois   ∞          Reflect  .   d - +1 helmet
rElec   .          Harm     .   (no cloak)
rCorr   .          Rampage  .   x - +0 pair of gloves
Will    +....                   (boots unavailable)
Stlth   ++++......              o - amulet of regeneration
HPRegen 1.01/turn               t - +4 ring of protection
MPRegen 0.00/turn               u - ring of fire

@: flying
A: reduced essence, sickness immunity, fire resistance 2, cold vulnerability 1,
float, innate caster, HP casting, extra vitality 1
a: Renounce Religion, Recall Ancestor, Ancestor Identity, Transference


You were on level 9 of the Dungeon.
You worshipped Hepliaklqana.
Hepliaklqana was most pleased with you.
You visited 2 branches of the dungeon, and saw 10 of its levels.

You collected 387 gold pieces.
You spent 44 gold pieces at shops.

Inventory:

Hand Weapons
 v - a +1 dagger of freezing
 A - a +2 halberd of protection (weapon)
Missiles
 a - 199 stones
Armour
 d - a +1 helmet (worn)
 x - a +0 pair of gloves (worn)
 E - the +1 scale mail of the Fletcher {Regen+ Dex+3 Slay+2}
   (You found it on level 7 of the Dungeon)

   Dex:       It affects your dexterity (+3).
   Slay:      It affects your accuracy & damage with ranged weapons and melee
   (+2).
   Regen:     It increases your rate of health regeneration.
 G - a +0 buckler
 I - +0 steam dragon scales (worn)
Magical Staves
 C - a staff of poison
Jewellery
 o - an amulet of regeneration (around neck)
 q - an amulet of reflection
 t - a +4 ring of protection (left hand)
 u - a ring of fire (right hand)
 L - the ring of Kaxash {Drain *Slow rPois MP+9 Int+10 Stlth+}
   (You took it off a kobold brigand on level 8 of the Dungeon)

   [ring of poison resistance]

   Int:       It affects your intelligence (+10).
   rPois:     It protects you from poison.
   MP:        It affects your magic capacity (+9).
   Drain:     It drains your maximum health when unequipped.
   *Slow:     It may slow you when you take damage.
   Stlth:     It makes you more stealthy.
Wands
 H - a wand of paralysis (14)
 J - a wand of charming (11)
 M - a wand of flame (9)
Scrolls
 b - a scroll of enchant weapon {unknown}
 c - a scroll of magic mapping {unknown}
 g - 8 scrolls of identify
 h - 2 scrolls of fog
 i - a scroll of enchant armour {unknown}
 m - a scroll of poison {unknown}
 p - 2 scrolls of blinking
 r - a scroll of teleportation {unknown}
 w - a scroll of noise {unknown}
 y - a scroll of fear {unknown}
Potions
 e - 4 potions of curing
 f - 4 potions of berserk rage
 j - 2 potions of lignification
 k - a potion of degeneration {unknown}
 l - a potion of invisibility {unknown}
 n - 3 potions of attraction
 s - a potion of flight {unknown}
 z - 3 potions of cancellation
 B - a potion of resistance {unknown}
 D - a potion of heal wounds {unknown}
 F - a potion of ambrosia {unknown}
 K - 3 potions of haste


   Skills:
 + Level 5.8 Fighting
 + Level 5.9 Armour
 * Level 9.9 Dodging
 * Level 8.3 Stealth
 * Level 7.2 Spellcasting


You couldn't memorise any spells.
You knew the following spells:

 Your Spells              Type           Power      Damage    Failure   Level
a - Sandblast             Erth           72%        2d16      1%          1
b - Passwall              Tmut/Erth      30%        N/A       1%          2
c - Stone Arrow           Conj/Erth      72%        3d11      1%          3
d - Petrify               Tmut/Erth      36%        N/A       4%          4
e - Foxfire               Conj/Fire      100%       2x1d9     1%          1
f - Scorch                Fire           100%       2d10      1%          2
g - Ensorcelled Hibernat  Hex/Ice        72%        N/A       1%          2
h - Sticky Flame          Conj/Fire      53%        2d7       4%          4
i - Metabolic Englaciati  Hex/Ice        18%        N/A       13%         5
Your spell library was empty.

Dungeon Overview and Level Annotations

Branches:
Dungeon (9/15)             Temple (1/1) D:4            Lair (0/6) D:9
    Orc: D:9-12

Altars:
Ashenzari
Cheibriados
Dithmenos
Elyvilon
Fedhas
Gozag
Hepliaklqana
Kikubaaqudgha
Makhleb
Nemelex Xobeh
Okawaru
Qazlal
Ru
Sif Muna
Trog
Uskayaw
Vehumet
Wu Jian
Xom
Yredelemnul
Zin
The Shining One

Shops:
D:1 ?   D:5 :*   D:6 ?   D:8 [


Innate Abilities, Weirdness & Mutations

Your life essence is reduced to manifest your ancestor. (-10% HP)
You are immune to sickness and miasma.
You are immune to poison.
Your flesh is very heat resistant. (rF++)
You are vulnerable to cold. (rC-)
You float through the air rather than walking.
You learn spells naturally, not from books.
Your magical power is your life essence.
You have superior vitality. (+4 MHP)


Message History

You start resting.
Your transformation is almost over.
Aahotepre emerges from the mists of memory!
You start resting.
You feel less wooden.
Your +1 helmet unmelds from your body.
Your +0 pair of gloves unmelds from your body.
Your +0 steam dragon scales unmelds from your body.
You start resting.
HP restored.
There is an open door here.
Things that are here:
a basilisk corpse; a manticore corpse You see here a +0 dire flail.
You reach down and open the door.
A rakshasa and an ice dragon come into view.
Found a book of Storms.
Casting: Stone Arrow (safe; 1% risk of failure)
Confirm with . or Enter, or press ? or * to list all spells.
You can't see any susceptible monsters within range! (Use Z to cast anyway.)
Aiming: Stone Arrow (safe; 1% risk of failure)
Press: ? - help, Q - select action, (/) - cycle Shift-Dir - straight line, f - rakshasa
Aim: a rakshasa, wielding a +0 whip and wearing a +0 robe (asleep, ally target, 100% to hit)
Aahotepre avoids your attack.
The stone arrow hits the rakshasa!
The rakshasa is lightly wounded.
The rakshasa closely misses Aahotepre.
Aahotepre closely misses the rakshasa.
Aiming: Stone Arrow (safe; 1% risk of failure)
Press: ? - help, Q - select action, (/) - cycle Shift-Dir - straight line, f/p - rakshasa
Aim: a rakshasa, wielding a +0 whip and wearing a +0 robe (lightly wounded, ally target, 60% to hit)
Aahotepre avoids your attack.
The stone arrow misses the rakshasa.
The stone arrow hits the ice dragon!
The ice dragon is lightly wounded.
The rakshasa blinks!
You swap places.
The ice dragon breathes frost at you. The blast of cold hits you!!!
You feel a terrible chill!
Ouch! That really hurt!
* * * LOW HITPOINT WARNING * * *
The rakshasa hits you with a +0 whip!
You die...

....#.....###### ..# ....#.....#
######.# ###
....#.....#####....#.# #.###
##'##....###......)+.#####...##
...#....##.........##.........#
...#...####'#########.........#
...#...#.#...###...#....).#...#
...'..##.'..##...R.#......#####
...#..#..#.##...@R.#............
####..#..###.####'##÷...........
.....##..##..# #§##............
.....#...##..# #D##............
.....#...#...# #.##.######.....
.....#...†)..# :.##.#....#.....
####.#...#...# ####.#....#.....
#.###############.'....# ..
#.................####+#....


You could see the friendly Aahotepre the knight, an ice dragon (catching breath)
and a rakshasa (ally target).

Vanquished Creatures
  A boulder beetle (D:9)
  A skeletal warrior (D:9)
  A death drake (shapeshifter) (D:9)
  A wizard (D:9)
  Pikel (D:7)
  An ugly thing (D:9)
  A manticore (D:9)
  A gargoyle (D:9)
  A kobold demonologist (D:8)
  An efreet (D:9)
  A hornet (D:7)
  A basilisk (D:9)
  A wyvern (D:9)
  The ghost of IdlyInterested the Ducker, an amateur DsGl (D:3)
  An ice beast (D:5)
  Duvessa (D:7)
  2 orc warriors
  2 black bears (D:7)
  A centaur (D:9)
  An ogre (D:4)
  2 phantoms
  3 kobold brigands
  2 scorpions
  A bullfrog (D:8)
  Dowan (D:7)
  3 howler monkeys
  2 jellies
  2 hounds
  A gnoll shaman (D:4)
  2 orc priests
  8 iguanas
  6 orc wizards
  A scorpion simulacrum (D:3)
  8 gnolls
  5 adders
  A white imp (D:8)
  An ufetubus (D:5)
  A worm (D:2)
  4 dart slugs
  14 orcs
  7 bats
  5 endoplasms
  2 giant cockroaches (D:4)
  5 hobgoblins
  4 jackals (D:1)
  21 kobolds
  6 quokkas
  6 ball pythons
  A ball python simulacrum (D:3)
  2 frilled lizards
  A giant cockroach simulacrum (D:3)
  3 goblins
  A quokka simulacrum (D:3)
  4 rats
158 creatures vanquished.

Vanquished Creatures (collateral kills)
  A two-headed ogre (D:9)
  A manticore (D:9)
  Maggie (D:7)
  A steam dragon (D:7)
  An ice beast (D:6)
  A centaur (D:8)
  A kobold brigand (D:8)
  2 bullfrogs
  A howler monkey (D:7)
  An orc priest (D:8)
  A gnoll (D:7)
  6 orcs
  6 kobolds
24 creatures vanquished.

Vanquished Creatures (others)
  2 knights (D:9)
  2 ancestors
  57 foxfires
61 creatures vanquished.

Grand Total: 243 creatures vanquished

Notes
Turn   | Place    | Note
-------+----------+-------------------------------------------
     0 | D:1      | happo123 the Djinni Earth Elementalist began the quest for
                  | the Orb.
     0 | D:1      | Reached XP level 1. HP: 15/15 MP: 0/0
    76 | D:1      | Found Muaxeti's Magic Scroll Emporium.
   130 | D:1      | Reached XP level 2. HP: 18/21 MP: 0/0
   217 | D:1      | Found a faded altar of an unknown god.
   479 | D:1      | Reached XP level 3. HP: 19/25 MP: 0/0
   479 | D:1      | Learned a level 1 spell: Foxfire
   738 | D:1      | Bought a scroll of identify for 22 gold pieces
   738 | D:1      | Bought a scroll of identify for 22 gold pieces
   810 | D:1      | Upgraded the game from 0.29-a0-459-g97dee8cd24 to
                  | 0.29-a0-468-ge57f7f99b4
   897 | D:2      | Reached skill level 3 in Dodging
   935 | D:2      | Reached XP level 4. HP: 16/31 MP: 0/0
  1420 | D:3      | Noticed a scorpion
  1423 | D:3      | Killed a scorpion
  1424 | D:3      | Reached skill level 1 in Fighting
  1424 | D:3      | Reached skill level 1 in Armour
  1424 | D:3      | Reached XP level 5. HP: 30/37 MP: 0/0
  1424 | D:3      | Learned a level 2 spell: Scorch
  1463 | D:3      | Found a runed translucent gate.
  1464 | D:3      | Found a runed translucent gate.
  1465 | D:3      | Found a runed translucent gate.
  1476 | D:3      | Noticed a phantom
  1483 | D:3      | Killed a phantom
  1484 | D:3      | Reached XP level 6. HP: 27/42 MP: 0/0
  1500 | D:3      | Noticed IdlyInterested's ghost (amateur DsGl)
  2085 | D:3      | Killed IdlyInterested's ghost
  2086 | D:3      | Reached skill level 4 in Dodging
  2086 | D:3      | Reached XP level 7. HP: 19/48 MP: 0/0
  2086 | D:3      | Learned a level 2 spell: Ensorcelled Hibernation
  2312 | D:4      | Found a staircase to the Ecumenical Temple.
  2323 | Temple   | Entered the Ecumenical Temple
  2552 | Temple   | Became a worshipper of Hepliaklqana the Forgotten
  2889 | D:4      | Reached XP level 8. HP: 41/55 MP: 0/0
  2893 | D:4      | Reached skill level 5 in Dodging
  3059 | D:5      | Entered Level 5 of the Dungeon
  3301 | D:5      | Found Setoe's Book Shoppe.
  3444 | D:5      | Found Nukod's General Store.
  3473 | D:6      | Reached * piety under Hepliaklqana
  3968 | D:6      | Found Wilou's Magic Scroll Shop.
  4122 | D:7      | Identified the +1 scale mail of the Fletcher {Regen+ Dex+3
                  | Slay+2}
  4159 | D:7      | Reached skill level 6 in Dodging
  4165 | D:7      | Reached skill level 5 in Stealth
  4165 | D:7      | Reached XP level 9. HP: 51/54 MP: 0/0
  4165 | D:7      | Learned a level 4 spell: Sticky Flame
  4273 | D:7      | Noticed Dowan
  4275 | D:7      | Noticed Duvessa
  4279 | D:7      | Killed Dowan
  4287 | D:7      | Killed Duvessa
  4288 | D:7      | Reached skill level 5 in Spellcasting
  4327 | D:7      | Noticed a hornet
  4328 | D:7      | Reached ** piety under Hepliaklqana
  4329 | D:7      | Remembered your ancestor Aahotepre as a knight
  4334 | D:7      | Killed a hornet
  4481 | D:7      | Reached skill level 7 in Dodging
  4541 | D:7      | Noticed Maggie
  4546 | D:7      | Killed Maggie
  4798 | D:7      | Noticed Pikel
  4803 | D:7      | Killed Pikel
  4804 | D:7      | Reached XP level 10. HP: 53/62 MP: 0/0
  5099 | D:8      | Found Naqirydd's Armour Boutique.
  5112 | D:8      | Noticed a kobold demonologist
  5459 | D:8      | Identified the ring of Kaxash {Drain *Slow rPois MP+9
                  | Int+10 Stlth+}
  5464 | D:8      | Reached skill level 8 in Dodging
  5680 | D:8      | Noticed an orange demon
  5681 | D:8      | Noticed a soul eater
  5682 | D:8      | Killed a kobold demonologist
  5890 | D:9      | Noticed a two-headed ogre
  5896 | D:9      | Killed a two-headed ogre
  5897 | D:9      | Reached skill level 5 in Armour
  5907 | D:9      | Reached *** piety under Hepliaklqana
  5950 | D:9      | Found a staircase to the Lair.
  6000 | D:9      | Found a snail-covered altar of Cheibriados.
  6129 | D:9      | Noticed a white ugly thing
  6129 | D:9      | Noticed a gargoyle
  6129 | D:9      | Noticed an efreet
  6129 | D:9      | Noticed a wizard
  6132 | D:9      | Killed an efreet
  6133 | D:9      | Reached skill level 5 in Fighting
  6138 | D:9      | Killed a white ugly thing
  6140 | D:9      | Noticed a death drake
  6140 | D:9      | a polar bear changed into a death drake
  6183 | D:9      | Killed a death drake
  6184 | D:9      | Reached skill level 9 in Dodging
  6184 | D:9      | Reached XP level 11. HP: 26/68 MP: 0/0
  6184 | D:9      | Learned a level 5 spell: Metabolic Englaciation
  6214 | D:9      | Killed a wizard
  6418 | D:9      | Noticed a manticore
  6421 | D:9      | Killed a manticore
  6425 | D:9      | Noticed a boulder beetle
  6438 | D:9      | Killed a boulder beetle
  6494 | D:9      | Noticed a skeletal warrior
  6500 | D:9      | Noticed a manticore
  6503 | D:9      | Killed a skeletal warrior
  6508 | D:9      | Killed a manticore
  6602 | D:9      | Noticed a rakshasa
  6602 | D:9      | Noticed an ice dragon
  6605 | D:9      | HP: 2/68 [ice dragon/blast of cold (63)]
  6605 | D:9      | Mangled by a rakshasa

Illustrated notes

Levels and vault maps discovered:
D:1:      evilmike_arrival_fibonacci_small, layout_basic,
          hellmonk_ecumenical_altar_heavens_door, serial_shops,
          nicolae_square_shop, serial_rivers, chequers_serial_rivers_micro_d,
          chequers_serial_rivers_large_a, chequers_serial_rivers_room_b,
          chequers_serial_rivers_small_a
D:2:      layout_basic
D:3:      layout_basic, gammafunk_ghost_icy
D:4:      minmay_bubble_buster, layout_cave_pools,
          minmay_temple_entry_glassed_door, minivault_26,
          kennysheep_generic_room_10
D:5:      layout_basic, serial_shops, kennysheep_mini_moat, shop
D:6:      layout_basic, serial_shops, kennysheep_mini
D:7:      layout_basic, minmay_misc_feat_diagonals, amcnicky_mini_pool_small,
          minmay_misc_feat_more_columns, uniq_pikel, uniq_duvessa, uniq_maggie
D:8:      layout_rooms, serial_shops, shop
D:9:      minmay_sliced_demisemicircle, layout_gridville, lemuel_round_altar,
          lair_entry_dummy
Temple:   mainiacjoe_temple_archimedes_tessellation

Skill      XL: |  1  2  3  4  5  6  7  8  9 10 11 |
---------------+----------------------------------+-----
Stealth        | 2 3 4 5 6 7 8 |  8.3
Dodging        | 3 4 6 7 9 |  9.9
Fighting       | 1 2 3 4 5 |  5.8
Armour         | 1 2 3 4 5 |  5.9
Spellcasting   | 3 4 5 6 7 |  7.2

Action                   |  1- 3 |  4- 6 |  7- 9 | 10-12 || total
-------------------------+-------+-------+-------+-------++-------
Melee: Dagger            |       |       |     5 |       ||     5
       Halberd           |       |       |     6 |    26 ||    32
 Cast: Sandblast         |    52 |    21 |     6 |     4 ||    83
       Foxfire           |     2 |    20 |    11 |     5 ||    38
       Passwall          |     1 |     1 |     1 |       ||     3
       Stone Arrow       |       |     5 |    76 |    88 ||   169
       Scorch            |       |     8 |    34 |    26 ||    68
       Ensorcelled Hiber |       |       |       |     1 ||     1
       Sticky Flame      |       |       |       |     1 ||     1
       Metabolic Englaci |       |       |       |     1 ||     1
Invok: Ancestor Life: Kn |       |       |     1 |       ||     1
       Recall Ancestor   |       |       |       |     2 ||     2
Evoke: Wand              |       |       |       |     1 ||     1
  Use: Scroll            |       |       |     2 |     6 ||     8
       Potion            |       |       |       |     1 ||     1
 Stab: Sleeping          |       |       |     1 |       ||     1
Armor: Robe              |     2 |     2 |    11 |       ||    15
       Leather armour    |       |       |     3 |       ||     3
       Steam dragon scal |       |       |     1 |    50 ||    51
       Skin              |       |       |       |     1 ||     1
Dodge: Dodged            |    13 |     7 |    28 |    67 ||   115

Table legend: (Time is in decaauts)
 A = Elapsed time spent in this place.
 B = Non-inter-level travel time spent in this place.
 C = Inter-level travel time spent in this place.
 D = Time resting spent in this place.
 E = Time spent auto-exploring this place.
 F = Levels seen in this place.
 G = Mean time per level.
                   A        B        C        D        E       F      G
               +--------+--------+--------+--------+--------+-----+--------+
         Total |   6618 |   4288 |   2330 |    225 |   2805 |  10 |  661.8 |
       Dungeon |   6376 |   4101 |   2275 |    225 |   2638 |   9 |  708.4 |
        Temple |    241 |    186 |     55 |      0 |    167 |   1 |  241.0 |
               +--------+--------+--------+--------+--------+-----+--------+

Top non-repeatable levels by time:
     D:7: 1094 daAuts
     D:9: 855 daAuts
     D:1: 828 daAuts
     D:3: 826 daAuts
     D:4: 661 daAuts
     D:6: 652 daAuts
     D:8: 553 daAuts
     D:2: 499 daAuts
     D:5: 404 daAuts
  Temple: 241 daAuts
